 Dungeon Crawl Stone Soup version 0.21.1-68-g103a7af (webtiles) character file.

39 meralisa the Insei (level 3, -2/31 HPs)
             Began as a Naga Transmuter on Aug 1, 2018.
             Slain by a gnoll
             ... wielding a +2 spear of piercing
              (12 damage)
             ... on level 2 of the Dungeon.
             The game lasted 00:19:19 (1094 turns).

meralisa the Insei (Naga Transmuter)                Turns: 1094, Time: 00:19:19

Health: -2/31      AC:  2    Str: 12    XL:     3   Next: 47%
Magic:  4/6        EV: 10    Int: 13    God:
Gold:   52         SH:  0    Dex: 12    Spells: 3/6 levels left

rFire    . . .     SeeInvis +     - Unarmed
rCold    . . .     Gourm    .   (no shield)
rNeg     . . .     Faith    .   b - +0 robe
rPois    +         Spirit   .   (no helmet)
rElec    .         Reflect  .   (no cloak)
rCorr    .         Harm     .   (no gloves)
MR       .....                  (no barding)
Stlth    +.........             (no amulet)
HPRegen  0.10/turn              (no ring)
MPRegen  0.10/turn              (no ring)

@: very slow
A: large, see invisible, deformed body, poison resistance, slowness 2, slow
metabolism 1, spit poison 1, AC +1
a: Spit Poison


You were on level 2 of the Dungeon.
You were very hungry.

You visited 1 branch of the dungeon, and saw 2 of its levels.

You collected 52 gold pieces.

Inventory:

Hand Weapons
 i - a +0 hunting sling
 k - a +0 whip
 l - a +0 hunting sling
 p - a +0 long sword
 w - a +0 hand axe
Missiles
 a - 4 arrows
 e - 92 stones (quivered)
 m - 19 poisoned needles
 o - 37 sling bullets
 t - 23 bolts
Armour
 b - a +0 robe (worn)
 j - a +0 ring mail
 n - a cursed +0 ring mail
 r - a +0 scale mail
 v - a +0 robe
Scrolls
 f - a scroll of amnesia {unknown}
 g - a scroll of blinking {unknown}
 s - a scroll of teleportation {unknown}
 u - a scroll of fear {unknown}
Potions
 h - a potion of curing {unknown}
 q - a potion of haste {unknown}
Books
 c - a book of Changes

   Spells                             Type                      Level
   a - Beastly Appendage              Transmutation                1
   b - Sticks to Snakes               Transmutation                2
   c - Spider Form                    Transmutation/Poison         3
   d - Ice Form                       Ice/Transmutation            4
   e - Blade Hands                    Transmutation                5
Comestibles
 d - 3 rations


   Skills:
 + Level 1.2 Fighting
 + Level 1.7 Dodging
 + Level 3.2 Unarmed Combat
 + Level 2.4 Spellcasting
 + Level 2.9 Transmutations


You had 3 spell levels left.
You knew the following spells:

 Your Spells              Type           Power        Failure   Level  Hunger
a - Beastly Appendage     Tmut           #.....       8%          1    #......
b - Sticks to Snakes      Tmut           #.......     11%         2    ###....


Dungeon Overview and Level Annotations

Branches:
Dungeon (2/15)

Altars:


Innate Abilities, Weirdness & Mutations

You cannot wear boots.
Your serpentine skin is tough. (AC +1)
You have supernaturally acute eyesight. (SInv)
Armour fits poorly on your strangely shaped body.
Your system is resistant to poisons. (rPois)
You cover ground very slowly.
You have a slow metabolism.
You can spit poison.


Message History

Your ball python bites the gnoll.
Your ball python constricts the gnoll.
The gnoll closely misses your ball python.
Your ball python bites the gnoll but does no damage.
Your ball python constricts the gnoll.
The gnoll hits your ball python with a spear of piercing.
Your ball python dies!
The gnoll barely misses you. The gnoll barely misses you.
The gnoll hits you from afar with a spear of piercing.
The gnoll hits you from afar with a spear of piercing.
Casting: Sticks to Snakes
Confirm with . or Enter, or press ? or * to list all spells.
You create a snake!
You now have 4 arrows.
The gnoll hits you from afar with a spear of piercing.
* * * LOW HITPOINT WARNING * * *
The gnoll hits your ball python with a spear of piercing.
Your ball python dies!
The gnoll closely misses you.
The gnoll hits you from afar with a spear of piercing!
You die...

.###.###.##....#..####
.........##....#..##
####.###########...#
..... ..........>#
###.###########.###
#.# #.# #.# #.# #.#
#.# #.# #@#####
#..gw.# #####g# #.#
#w# ###############g#
...g....g.gw....#
.g#############.# #.#


You could see 2 gnolls and a dart slug.

Vanquished Creatures
  2 adders (D:2)
  A leopard gecko (D:2)
  A giant cockroach (D:1)
  A hobgoblin (D:2)
  2 kobolds (D:2)
  2 quokkas (D:2)
  2 ball pythons (D:2)
  4 rats
  2 fungi (D:1)
17 creatures vanquished.

Vanquished Creatures (collateral kills)
  An adder (D:2)
  A goblin (D:2)
  A rat (D:2)
3 creatures vanquished.

Grand Total: 20 creatures vanquished

Notes
Turn   | Place    | Note
-------+----------+-------------------------------------------
     0 | D:1      | meralisa the Naga Transmuter began the quest for the Orb.
     0 | D:1      | Reached XP level 1. HP: 18/18 MP: 3/3
   195 | D:1      | You fall through a shaft!
   382 | D:2      | Reached XP level 2. HP: 20/25 MP: 3/5
   496 | D:2      | Learned a level 2 spell: Sticks to Snakes
   619 | D:2      | Reached XP level 3. HP: 13/31 MP: 2/6
  1094 | D:2      | Slain by a gnoll

Action                   || total
-------------------------++-------
Melee: Unarmed           ||    80
       Headbutt          ||    11
 Cast: Beastly Appendage ||    20
       Sticks to Snakes  ||     8
Armor: Robe              ||     7
Dodge: Dodged            ||    36
